DSL
NEW YORK N (DSL) METS @ SAN FRANCISCO (DSL) GIANTS
10/29/2025
 
TOP OF THE 1ST
Toronto Blue Jays batting - Pitching for Texas Rangers : RHP Justin Slaten
Pitching: RHP Justin Slaten
Batting: LHB CJ Abrams 0-0: Swinging Strike
0-1: Ball
1-1: Swinging Strike
1-2: Foul Ball, location: 2F
1-2: Foul Ball, location: 2F
1-2: Ball
2-2: Strikes out looking
Batting: RHB Danny Jansen 0-0: Swinging Strike
0-1: Ball
1-1: Ball
2-1: Ball
3-1: SINGLE (Line Drive, 34D, EV 96.2 MPH)
Batting: LHB Trent Grisham 0-0: Ball
1-0: Fly out, F8 (Flyball, 8RS, EV 86.9 MPH)
Batting: LHB Rowdy Tellez 0-0: Ball
1-0: Ball
2-0: Foul Ball, location: 2F
2-1: Ball
3-1: Base on Balls
Danny Jansen to second
Batting: LHB Derek Fisher 0-0: Ball
1-0: Swinging Strike
1-1: Ball
2-1: Ball
3-1: Base on Balls
Danny Jansen to third
Rowdy Tellez to second
Batting: SHB Adalberto Mondesi 0-0: Ball
Wild Pitch!
Danny Jansen scores
Rowdy Tellez to third
Derek Fisher to second
1-0: Ground out 1-3 (Groundball, 15S, EV 70.6 MPH)
Top of the 1st over - 1 run, 1 hit, 0 errors, 2 left on base; Toronto 1 - Texas 0
BOTTOM OF THE 1ST
Texas Rangers batting - Pitching for Toronto Blue Jays : RHP Brad Keller
Pitching: RHP Brad Keller
Batting: RHB Zack Short 0-0: Ball
1-0: Ball
2-0: Fly out, F8 (Flyball, 8RM, EV 95.0 MPH)
Batting: RHB Josh Jung 0-0: Called Strike
0-1: Ball
1-1: Foul Ball, location: 2F
1-2: Ball
2-2: Fly out, F4 (Popup, 34S, EV 83.1 MPH)
Batting: LHB Dave Thomas 0-0: Fly out, F8 (Flyball, 89S, EV 95.0 MPH)
Bottom of the 1st over - 0 runs, 0 hits, 0 errors, 0 left on base; Toronto 1 - Texas 0
TOP OF THE 2ND
Toronto Blue Jays batting - Pitching for Texas Rangers : RHP Justin Slaten
Batting: RHB Bo Bichette 0-0: Foul Ball, location: 2F
0-1: Foul Ball, location: 2F
0-2: Ball
1-2: Ball
2-2: Strikes out swinging
Batting: RHB Willians Astudillo 0-0: Fly out, F9 (Flyball, 9D, EV 95.0 MPH)
Batting: LHB Adam Haseley 0-0: Fly out, F9 (Line Drive, 9, EV 92.5 MPH)
Top of the 2nd over - 0 runs, 0 hits, 0 errors, 0 left on base; Toronto 1 - Texas 0
BOTTOM OF THE 2ND
Texas Rangers batting - Pitching for Toronto Blue Jays : RHP Brad Keller
Batting: RHB Chris Baldino 0-0: Ball
1-0: SOLO HOME RUN (Flyball, 78XD, EV 96.9 MPH), Distance : 388 ft
Batting: LHB Gavin Sheets 0-0: Foul Ball, location: 2F
0-1: Foul Ball, location: 2F
0-2: Ball
1-2: Foul Ball, location: 2F
1-2: Ball
2-2: Ball
3-2: Foul Ball, location: 2F
3-2: Foul Ball, location: 2F
3-2: Foul Ball, location: 2F
3-2: Base on Balls
Batting: RHB Jose Abreu 0-0: Fly out, F8 (Flyball, 8LD, EV 93.8 MPH)
Batting: RHB Hunter Renfroe 0-0: Ball
1-0: Ball
2-0: Ball
3-0: Base on Balls
Gavin Sheets to second
Batting: RHB Christopher Morel 0-0: Ball
1-0: Ball
2-0: Foul Ball, location: 2F
2-1: Fly out, F8 (Line Drive, 8RD, EV 86.9 MPH)
Batting: SHB Jonah Heim 0-0: Foul Ball, location: 2F
0-1: Ball
1-1: Ball
2-1: Foul Ball, location: 2F
2-2: Fly out, F6 (Popup, 6MD, EV 49.4 MPH)
Bottom of the 2nd over - 1 run, 1 hit, 0 errors, 2 left on base; Toronto 1 - Texas 1
TOP OF THE 3RD
Toronto Blue Jays batting - Pitching for Texas Rangers : RHP Justin Slaten
Batting: LHB CJ Abrams 0-0: Foul Ball, location: 2F
0-1: Fly out, F8 (Flyball, 8LXD, EV 90.0 MPH)
Batting: RHB Danny Jansen 0-0: Called Strike
0-1: Fly out, F4 (Popup, 4S, EV 85.0 MPH)
Batting: LHB Trent Grisham 0-0: Foul Ball, location: 2F
0-1: Ball
1-1: Fly out, F7 (Flyball, 7LD, EV 91.2 MPH)
Top of the 3rd over - 0 runs, 0 hits, 0 errors, 0 left on base; Toronto 1 - Texas 1
BOTTOM OF THE 3RD
Texas Rangers batting - Pitching for Toronto Blue Jays : RHP Brad Keller
Batting: RHB Zack Short 0-0: Ball
1-0: Ball
2-0: Called Strike
2-1: Foul Ball, location: 2F
2-2: Ball
3-2: Ground out 6-3 (Groundball, 6, EV 89.4 MPH)
Batting: RHB Josh Jung 0-0: Called Strike
0-1: Ground out 5-3 (Groundball, 56S, EV 84.4 MPH)
Batting: LHB Dave Thomas 0-0: Ball
1-0: Ground out 3-1 (Groundball, 34S, EV 73.1 MPH)
Bottom of the 3rd over - 0 runs, 0 hits, 0 errors, 0 left on base; Toronto 1 - Texas 1
TOP OF THE 4TH
Toronto Blue Jays batting - Pitching for Texas Rangers : RHP Justin Slaten
Batting: LHB Rowdy Tellez 0-0: Called Strike
0-1: Swinging Strike
0-2: Strikes out swinging
Batting: LHB Derek Fisher 0-0: Called Strike
0-1: Ball
1-1: Ball
2-1: Swinging Strike
2-2: Foul Ball, location: 2F
2-2: Ball
3-2: Strikes out swinging
Batting: SHB Adalberto Mondesi 0-0: Ball
1-0: Foul Ball, location: 2F
1-1: Fly out, F7 (Line Drive, 7S, EV 91.9 MPH)
Top of the 4th over - 0 runs, 0 hits, 0 errors, 0 left on base; Toronto 1 - Texas 1
BOTTOM OF THE 4TH
Texas Rangers batting - Pitching for Toronto Blue Jays : RHP Brad Keller
Pitching: RHP Ty Tice
Batting: RHB Chris Baldino 0-0: Ball
1-0: Foul Ball, location: 2F
1-1: SINGLE (Line Drive, 8LS, EV 97.5 MPH)
Batting: LHB Gavin Sheets 0-0: Called Strike
0-1: Ball
1-1: Called Strike
1-2: Foul Ball, location: 2F
1-2: Strikes out swinging
Batting: RHB Jose Abreu 0-0: Ball
1-0: Called Strike
1-1: Ball
2-1: Fly out, F5 (Popup, 5SF, EV 81.9 MPH)
Batting: RHB Hunter Renfroe 0-0: Called Strike
0-1: Swinging Strike
0-2: Foul Ball, location: 2F
0-2: Strikes out swinging
Bottom of the 4th over - 0 runs, 1 hit, 0 errors, 1 left on base; Toronto 1 - Texas 1
TOP OF THE 5TH
Toronto Blue Jays batting - Pitching for Texas Rangers : RHP Justin Slaten
Pitching: RHP Pedro Avila
Batting: RHB Bo Bichette 0-0: Called Strike
0-1: Foul Ball, location: 2F
0-2: Ball
1-2: Strikes out swinging
Batting: RHB Willians Astudillo 0-0: Ball
1-0: Foul Ball, location: 2F
1-1: Fly out, F4 (Popup, 4, EV 56.9 MPH)
Batting: LHB Adam Haseley 0-0: Ground out U3 (Groundball, 3, EV 89.4 MPH)
Top of the 5th over - 0 runs, 0 hits, 0 errors, 0 left on base; Toronto 1 - Texas 1
BOTTOM OF THE 5TH
Texas Rangers batting - Pitching for Toronto Blue Jays : RHP Ty Tice
Batting: RHB Christopher Morel 0-0: Ball
1-0: Ground out 4-3 (Groundball, 4MD, EV 83.8 MPH)
Batting: SHB Jonah Heim 0-0: Foul Ball, location: 2F
0-1: Called Strike
0-2: Ball
1-2: Strikes out swinging
Batting: RHB Zack Short 0-0: Called Strike
0-1: Ball
1-1: Ball
2-1: Ball
3-1: SINGLE (Groundball, 6S, EV 60.6 MPH) (infield hit)
Pitching: RHP Chris Paddack
Batting: RHB Josh Jung 0-0: Ball
1-0: Ground out 2-3 (Groundball, 13S, EV 71.2 MPH)
Bottom of the 5th over - 0 runs, 1 hit, 0 errors, 1 left on base; Toronto 1 - Texas 1
TOP OF THE 6TH
Toronto Blue Jays batting - Pitching for Texas Rangers : RHP Pedro Avila
Batting: LHB CJ Abrams 0-0: Called Strike
0-1: Foul Ball, location: 2F
0-2: Ball
1-2: Strikes out looking
Batting: RHB Danny Jansen 0-0: Called Strike
0-1: Called Strike
0-2: Ball
1-2: Strikes out swinging
Batting: LHB Trent Grisham 0-0: Ball
1-0: Ball
2-0: Called Strike
2-1: Ground out 4-3 (Groundball, 4M, EV 108.8 MPH)
Top of the 6th over - 0 runs, 0 hits, 0 errors, 0 left on base; Toronto 1 - Texas 1
BOTTOM OF THE 6TH
Texas Rangers batting - Pitching for Toronto Blue Jays : RHP Chris Paddack
Batting: LHB Dave Thomas 0-0: SINGLE (Line Drive, 3D, EV 105.6 MPH)
Batting: RHB Chris Baldino 0-0: Ball
1-0: Ball
2-0: Ball
3-0: Called Strike
3-1: Swinging Strike
3-2: Fly out, F8 (Flyball, 8LS, EV 95.6 MPH)
Batting: LHB Gavin Sheets 0-0: DOUBLE (Line Drive, 78M, EV 101.2 MPH)
Dave Thomas to third
Runner from 3rd tries for Home, SAFE, throw by CF to trailing runner, SAFE at third!
Batting: RHB Jose Abreu 0-0: Ball
1-0: Foul Ball, location: 2F
1-1: Swinging Strike
1-2: Ground out 6-3 (Groundball, 56S, EV 75.0 MPH)
Batting: RHB Hunter Renfroe 0-0: Called Strike
0-1: Called Strike
0-2: Strikes out swinging
Bottom of the 6th over - 1 run, 2 hits, 0 errors, 1 left on base; Toronto 1 - Texas 2
TOP OF THE 7TH
Toronto Blue Jays batting - Pitching for Texas Rangers : RHP Pedro Avila
Pitching: LHP Brock Burke
Batting: LHB Rowdy Tellez 0-0: Called Strike
0-1: Ball
1-1: Called Strike
1-2: Foul Ball, location: 2F
1-2: Ground out 5-3 (Groundball, 6, EV 87.5 MPH)
Pinch Hitting: RHB Josh Donaldson 0-0: Swinging Strike
0-1: Swinging Strike
0-2: Ball
1-2: Foul Ball, location: 2F
1-2: Foul Ball, location: 2F
1-2: Strikes out looking
Batting: SHB Adalberto Mondesi 0-0: DOUBLE (Line Drive, 78D, EV 100.0 MPH)
Batting: RHB Bo Bichette 0-0: Called Strike
0-1: Ball
1-1: Foul Ball, location: 2F
1-2: Strikes out swinging
Top of the 7th over - 0 runs, 1 hit, 0 errors, 1 left on base; Toronto 1 - Texas 2
BOTTOM OF THE 7TH
Texas Rangers batting - Pitching for Toronto Blue Jays : RHP Chris Paddack
Now in RF: Josh Donaldson
Batting: RHB Christopher Morel 0-0: Ball
1-0: Ball
2-0: Called Strike
2-1: Ball
3-1: Foul Ball, location: 2F
3-2: Strikes out looking
Batting: SHB Jonah Heim 0-0: Ball
1-0: Ball
2-0: Called Strike
2-1: Foul Ball, location: 2F
2-2: Strikes out swinging
Pinch Hitting: RHB Davis Wendzel 0-0: Called Strike
0-1: Foul Ball, location: 2F
0-2: SOLO HOME RUN (Flyball, 78XD, EV 97.5 MPH), Distance : 381 ft
Pinch Hitting: RHB Nick Solak 0-0: Ball
1-0: Swinging Strike
1-1: Ground out 5-3 (Groundball, 56S, EV 81.2 MPH)
Bottom of the 7th over - 1 run, 1 hit, 0 errors, 0 left on base; Toronto 1 - Texas 3
TOP OF THE 8TH
Toronto Blue Jays batting - Pitching for Texas Rangers : LHP Brock Burke
Now at 2B: Nick Solak
Now at SS: Davis Wendzel
Batting: RHB Willians Astudillo 0-0: Called Strike
0-1: Ball
1-1: Fly out, F8 (Line Drive, 8LM, EV 98.1 MPH)
Pinch Hitting: RHB Lourdes Gurriel Jr. 0-0: Ball
1-0: Foul Ball, location: 2F
1-1: SOLO HOME RUN (Line Drive, 89XD, EV 103.1 MPH), Distance : 399 ft
Pinch Hitting: SHB Chris Carey 0-0: SINGLE (Line Drive, 9S, EV 92.5 MPH)
Batting: RHB Danny Jansen 0-0: Ball
1-0: Ball
2-0: Fly out, F6 (Flyball, 56D, EV 93.1 MPH)
Pinch Hitting: RHB Ken Schafer 0-0: Ball
1-0: Foul Ball, location: 2F
1-1: Called Strike
1-2: Foul Ball, location: 2F
1-2: SINGLE (Line Drive, 3D, EV 103.1 MPH)
Chris Carey to second
Runner from 2nd tries for 3rd, SAFE, no throw by RF
Pinch Hitting: RHB Wei-guo Qin 0-0: Fielders Choice at 2nd, 5-4 (Groundball, 56, EV 80.6 MPH)
Top of the 8th over - 1 run, 3 hits, 0 errors, 2 left on base; Toronto 2 - Texas 3
BOTTOM OF THE 8TH
Texas Rangers batting - Pitching for Toronto Blue Jays : RHP Chris Paddack
Now at 1B: Wei-guo Qin
Now at 3B: Chris Carey
Now in LF: Lourdes Gurriel Jr.
Now in CF: Ken Schafer
Pinch Hitting: RHB Jared Oliva 0-0: Ball
1-0: Ball
2-0: Swinging Strike
2-1: Called Strike
2-2: Strikes out swinging
Pinch Hitting: SHB Leody Taveras 0-0: Called Strike
0-1: Ball
1-1: Swinging Strike
1-2: Foul Ball, location: 2F
1-2: Strikes out swinging
Pitching: LHP Robbie Ray
Pinch Hitting: RHB Curtis Terry 0-0: Ball
1-0: Ground out 4-3 (Groundball, 6MD, EV 88.1 MPH)
Bottom of the 8th over - 0 runs, 0 hits, 0 errors, 0 left on base; Toronto 2 - Texas 3
TOP OF THE 9TH
Toronto Blue Jays batting - Pitching for Texas Rangers : LHP Brock Burke
Pitching: RHP Greg Holland
Now at 1B: Curtis Terry
Now at 2B: Davis Wendzel
Now at SS: Luisangel Acuna
Now in LF: Mike Gieseman
Now in CF: Leody Taveras
Batting: RHB Josh Donaldson 0-0: Called Strike
0-1: Ball
1-1: Foul Ball, location: 2F
1-2: Strikes out looking
Pinch Hitting: RHB Adan Cartwright 0-0: Foul Ball, location: 2F
0-1: Ball
1-1: Swinging Strike
1-2: Foul Ball, location: 2F
1-2: Ball
2-2: Ball
3-2: Base on Balls
Pitching: RHP Camilo Doval
Pinch Hitting: RHB Santiago Espinal 0-0: Ball
1-0: Called Strike
1-1: Foul Ball, location: 2F
1-2: Ball
2-2: Foul Ball, location: 2F
2-2: Foul Ball, location: 2F
2-2: Ball
3-2: Strikes out swinging
Batting: LHB Will Robertson 0-0: Called Strike
0-1: Swinging Strike
0-2: Ball
1-2: Ball
2-2: Strikes out looking
Top of the 9th over - 0 runs, 0 hits, 0 errors, 1 left on base; Toronto 2 - Texas 3
Tuesday, December 27th , 2022 - OOTP Baseball 23.5 Build 73